 Dungeon Crawl Stone Soup version 0.17.1-1-g73c8601 (webtiles) character file.

17369 PossumBlood the Severer (level 12, -3/100 HPs)
             Began as a Formicid Fighter on Jan 8, 2016.
             Was the Champion of Okawaru.
             Slain by a red ugly thing (4 damage)
             ... on level 13 of the Dungeon.
             The game lasted 00:54:51 (13679 turns).

PossumBlood the Severer (Formicid Fighter)         Turns: 13679, Time: 00:54:51

Health: -3/100     AC: 21    Str: 25    XL:     12   Next: 81%
Magic:  11/12      EV:  2    Int:  9    God:    Okawaru [******]
Gold:   397        SH:  0    Dex: 10    Spells: 0 memorised, 11 levels left

rFire  . . .     SeeInvis +     A - +4 broad axe (chop)
rCold  . . .     Clarity  .     x - +3 plate armour
rNeg   + + +     SustAt   .     c - +0 shield
rPois  ∞         Gourm    .     (helmet unavailable)
rElec  .         Spirit   .     u - +0 cloak
rCorr  +         Warding  .     i - +1 pair of gloves
rMut   .         Stasis   +     k - +0 pair of boots
MR     +....                    f - amulet of resist corrosion
Stlth  ..........               (no ring)
                                (no ring)

@: petrified, heroism, somewhat resistant to hostile enchantments, extremely
unstealthy
A: permanent stasis, dig shafts and tunnels, four strong arms, antennae 3
a: Dig, Shaft Self, Heroism, Renounce Religion


You were on level 13 of the Dungeon.
You worshipped Okawaru.
Okawaru was exalted by your worship.
You were not hungry.

You visited 2 branches of the dungeon, and saw 14 of its levels.

You collected 1116 gold pieces.
You spent 719 gold pieces at shops.

Inventory:

Hand Weapons
 a - a +2 war axe of freezing
 A - a +4 broad axe of chopping (weapon)
Missiles
 l - 5 tomahawks (quivered)
 n - 8 tomahawks of returning
Armour
 c - a +0 shield (worn)
 i - a +1 pair of gloves (worn)
 k - a +0 pair of boots (worn)
 u - a +0 cloak (worn)
 x - a +3 plate armour (worn)
Jewellery
 f - an amulet of resist corrosion (around neck)
Scrolls
 h - 5 scrolls of magic mapping
 m - a scroll of fear
 s - 4 scrolls of remove curse
 w - a scroll of recharging
 C - a scroll of brand weapon
Potions
 b - a potion of flight
 d - 3 potions of might
 e - 2 potions of ambrosia
 g - 2 potions of lignification
 j - 2 potions of invisibility
 q - 3 potions of brilliance
 v - 4 potions of agility
 z - a potion of cancellation {unknown}
Books
 y - a Necronomicon

   Spells                             Type                      Level
   a - Haunt                          Necromancy/Summoning         7
   b - Borgnjor's Revivification      Necromancy                   8
   c - Death's Door                   Charms/Necromancy            8
   d - Necromutation                  Transmutation/Necromancy     8
 B - Girhishi's Incunabulum of Supportive Curses
   (You found it on level 13 of the Dungeon)

   Spells                             Type                      Level
   a - Summon Small Mammal            Summoning                    1
   b - Ensorcelled Hibernation        Hexes/Ice                    2
   c - Summon Guardian Golem          Hexes/Summoning              3
   d - Metabolic Englaciation         Hexes/Ice                    5
   e - Dragon's Call                  Summoning                    9
Comestibles
 p - 5 meat rations
 r - 16 fruits
 t - 4 bread rations


   Skills:
 - Level 11.4(16.4) Fighting
 + Level 16.4(21.4) Axes
 - Level 3.2(8.2) Armour
 - Level 3.6(8.6) Shields


You had 11 spell levels left.
You didn't know any spells.

Dungeon Overview and Level Annotations

Branches:
Dungeon (13/15)            Temple (1/1) D:6            Lair (0/8) D:9
    Orc (0/4) D:9
 Vaults: D:13-14

Altars:
Ashenzari
Cheibriados
Dithmenos
Elyvilon
Fedhas
Gozag
Kikubaaqudgha
Makhleb
Nemelex Xobeh
Okawaru
Qazlal
Ru
Sif Muna
Trog
Vehumet
Xom
Yredelemnul
Zin
The Shining One

Shops:
D:5 [   D:6 [   D:9 *([   D:10 }   D:11 [   D:12 !   D:13 %


Innate Abilities, Weirdness & Mutations

You are under a permanent stasis effect.
You can dig through walls and to a lower floor.
Your four strong arms can wield two-handed weapons with a shield.
You have a pair of large antennae on your head (SInv).


Message History

The red ugly thing is no longer petrified.
The red ugly thing is engulfed in calcifying dust.
The red ugly thing is moving more slowly.
The red ugly thing engulfs you but does no damage.
The catoblepas gores you!
* * * LOW HITPOINT WARNING * * *
The red ugly thing engulfs you but does no damage.
The catoblepas smashes its foot into the ground.
The catoblepas gores you!!
* * * LOW HITPOINT WARNING * * *
The red ugly thing tentacle-slaps you!
* * * LOW HITPOINT WARNING * * *
You are engulfed in flames!
* * * LOW HITPOINT WARNING * * *
The red ugly thing engulfs you.
* * * LOW HITPOINT WARNING * * *
You are engulfed in flames!
* * * LOW HITPOINT WARNING * * *
The catoblepas barely misses you. The red ugly thing tentacle-slaps you!
You die...

# #. #.####
....> ...
#... ...#
#..u ...'
#..u### ....#
#..u@Y##....#
#####(.......
#(.#####.
#(.....###
#.)..#...#
#.........
#(..##.#..
#.(.##.#
#(.....#


You could see a catoblepas and 3 ugly things.

Vanquished Creatures
  2 centaur warriors
  A catoblepas (D:13)
  2 hydras (D:13)
  An unseen horror (D:12)
  4 hill giants
  An orc knight (D:13)
  2 cyclopes
  A komodo dragon (D:13)
  A tengu conjurer (D:12)
  2 trolls (D:9)
  2 wraiths
  3 yaks
  A shadow (D:12)
  A water elemental (D:12)
  2 basilisks
  3 wyverns
  3 hungry ghosts
  Edmund (D:4)
  4 hippogriffs
  2 mottled dragons
  A water moccasin (D:10)
  A trapdoor spider simulacrum (D:13)
  The ghost of Murray the Cutter, an amateur SpEn of Dithmenos (D:5)
  2 black bears
  10 orc warriors
  3 ice beasts
  3 sky beasts
  7 ogres
  2 wasps
  4 centaurs
  Blork the orc (D:4)
  6 giant frogs
  2 big kobolds
  A water moccasin zombie (D:6)
  4 scorpions
  The ghost of Musteatbrain the Skirmisher, a weakling DsFi (D:4)
  4 wights (D:6)
  12 crimson imps
  3 giant frog skeletons
  7 hounds
  6 jellies
  16 orc wizards
  12 orc priests
  2 centaur skeletons
  3 iguanas
  4 worker ants
  Terence (D:2)
  A hound skeleton (D:10)
  3 worker ant zombies
  12 adders
  A gnoll (D:1)
  3 shadow imps
  An adder zombie (D:5)
  An ooze (D:1)
  2 worms
  5 giant geckos
  74 orcs
  3 ball pythons
  12 bats
  7 giant cockroaches
  6 hobgoblins
  12 kobolds
  7 quokkas
  A giant gecko skeleton (D:4)
  A giant gecko zombie (D:6)
  5 giant newts
  8 goblins
  14 jackals
  A quokka zombie (D:7)
  5 rats
343 creatures vanquished.

Notes
Turn   | Place    | Note
--------------------------------------------------------------
     0 | D:1      | PossumBlood the Formicid Fighter began the quest for the Orb.
     0 | D:1      | Reached XP level 1. HP: 18/18 MP: 1/1
    77 | D:1      | Reached XP level 2. HP: 17/24 MP: 2/2
   193 | D:1      | HP: 1/24 [poisoned by a goblin]
   391 | D:1      | Reached XP level 3. HP: 24/29 MP: 3/3
  1138 | D:2      | Reached skill level 4 in Axes
  1138 | D:2      | Reached XP level 4. HP: 35/35 MP: 4/4
  1391 | D:2      | Noticed Terence
  1408 | D:2      | Killed Terence
  1408 | D:2      | Reached XP level 5. HP: 31/41 MP: 5/5
  1635 | D:3      | Reached skill level 5 in Axes
  1740 | D:3      | Found a burning altar of Makhleb.
  1741 | D:3      | Found a radiant altar of Vehumet.
  2132 | D:3      | Reached XP level 6. HP: 47/47 MP: 6/6
  2148 | D:3      | Reached skill level 6 in Axes
  2397 | D:3      | Found a snail-covered altar of Cheibriados.
  2399 | D:3      | Found a deep blue altar of Sif Muna.
  2400 | D:3      | Found a blossoming altar of Fedhas.
  2634 | D:4      | Noticed Musteatbrain's ghost (weakling DsFi)
  2646 | D:4      | Killed Musteatbrain's ghost
  2647 | D:4      | Noticed Edmund
  2655 | D:4      | Noticed a hungry ghost
  2679 | D:4      | Killed Edmund
  2679 | D:4      | Reached skill level 7 in Axes
  2679 | D:4      | Reached XP level 7. HP: 27/52 MP: 7/7
  2681 | D:4      | Killed a hungry ghost
  2700 | D:4      | Reached skill level 8 in Axes
  2857 | D:4      | Noticed Blork the orc
  2882 | D:4      | Killed Blork the orc
  2892 | D:4      | Reached XP level 8. HP: 27/58 MP: 8/8
  3100 | D:4      | Found a sacrificial altar of Ru.
  3309 | D:4      | Reached skill level 9 in Axes
  3474 | D:5      | Entered Level 5 of the Dungeon
  3560 | D:5      | Found a shadowy altar of Dithmenos.
  3603 | D:5      | Noticed Murray's ghost (amateur SpEn)
  3625 | D:5      | Killed Murray's ghost
  3874 | D:5      | Found Xuumm's Antique Armour Shoppe.
  4058 | D:5      | Reached skill level 10 in Axes
  4653 | D:6      | Reached XP level 9. HP: 51/64 MP: 9/9
  4841 | D:6      | Found Neablorr's Antique Armour Shop.
  4852 | D:6      | Reached skill level 11 in Axes
  5026 | D:6      | Found a staircase to the Ecumenical Temple.
  5032 | Temple   | Entered the Ecumenical Temple
  5055 | Temple   | Became a worshipper of Warmaster Okawaru
  5837 | D:6      | Reached skill level 12 in Axes
  6012 | D:7      | Noticed a hill giant
  6022 | D:7      | Killed a hill giant
  6022 | D:7      | Reached * piety under Okawaru
  6032 | D:7      | Reached XP level 10. HP: 12/70 MP: 10/10
  6501 | D:7      | Reached skill level 13 in Axes
  6736 | D:7      | Reached ** piety under Okawaru
  7803 | D:8      | Reached skill level 14 in Axes
  7810 | D:8      | Found a radiant altar of Vehumet.
  8041 | D:9      | Found a shattered altar of Ashenzari.
  8080 | D:9      | Found a staircase to the Lair.
  8119 | D:9      | Reached *** piety under Okawaru
  8764 | D:9      | Found Hialeo's Armour Shop.
  8764 | D:9      | Found a staircase to the Orcish Mines.
  8765 | D:9      | Found Ejeshroh's Weapon Shop.
  8957 | D:9      | Bought a +0 plate armour for 299 gold pieces
  9016 | D:9      | Found Elyturph's Assorted Antiques.
  9022 | D:9      | Bought a scroll of enchant armour for 210 gold pieces
  9022 | D:9      | Bought a scroll labeled AWEMEY ONOYD OTUNY for 28 gold pieces
  9103 | D:10     | Entered Level 10 of the Dungeon
  9111 | D:10     | Reached XP level 11. HP: 75/75 MP: 11/11
  9127 | D:10     | Reached skill level 15 in Axes
  9329 | D:10     | Found Xewibaez's Gadget Shop.
  9660 | D:10     | Reached **** piety under Okawaru
  9913 | D:11     | Noticed a cyclops
  9926 | D:11     | Killed a cyclops
 10453 | D:11     | Reached skill level 16 in Axes
 10650 | D:11     | Found Monysecw's Armour Boutique.
 10831 | D:11     | Gained mutation: Scrolls take you a little longer to read. [potion of mutation]
 10831 | D:11     | Gained mutation: You are partially covered in slimy green scales (AC +2). [potion of mutation]
 10831 | D:11     | Lost mutation: You are partially covered in slimy green scales (AC +2). [potion of mutation]
 10832 | D:11     | Lost mutation: Scrolls take you a little longer to read. [potion of cure mutation]
 11013 | D:12     | Reached skill level 5 in Fighting
 11023 | D:12     | Reached ***** piety under Okawaru
 11103 | D:12     | Noticed a centaur warrior
 11121 | D:12     | Killed a centaur warrior
 11121 | D:12     | Received a gift from Okawaru
 11323 | D:12     | Noticed an unseen horror
 11347 | D:12     | Killed an unseen horror
 11669 | D:12     | Noticed a hill giant
 11681 | D:12     | Killed a hill giant
 11681 | D:12     | Reached XP level 12. HP: 79/92 MP: 12/12
 11845 | D:12     | Found Ociledgh's Distillery.
 11850 | D:12     | Bought a potion of lignification for 39 gold pieces
 11850 | D:12     | Bought 2 potions of might for 104 gold pieces
 11850 | D:12     | Bought a potion of curing for 39 gold pieces
 11996 | D:13     | Found Etwyer Peba's Food Shop.
 12374 | D:13     | Identified Girhishi's Incunabulum of Supportive Curses
 12398 | D:13     | Noticed a four-headed hydra
 12400 | D:13     | Noticed a six-headed hydra
 12405 | D:13     | Killed a seven-headed hydra
 12405 | D:13     | Reached skill level 10 in Fighting
 12414 | D:13     | Killed a 14-headed hydra
 12636 | D:13     | Noticed a centaur warrior
 12646 | D:13     | Reached ****** piety under Okawaru
 12659 | D:13     | Killed a centaur warrior
 12659 | D:13     | Received a gift from Okawaru
 12986 | D:13     | Noticed a catoblepas
 13006 | D:13     | Killed a catoblepas
 13649 | D:13     | Noticed a catoblepas
 13679 | D:13     | HP: 1/100 [red ugly thing (7)]
 13679 | D:13     | Slain by a red ugly thing

Action                   |  1- 3 |  4- 6 |  7- 9 | 10-12 || total
-------------------------+-------+-------+-------+-------++-------
Melee: War axe           |   113 |   184 |   288 |   574 ||  1159
       Broad axe         |       |       |       |    68 ||    68
Invok: Heroism           |       |       |       |     2 ||     2
 Abil: Dig               |       |       |       |     1 ||     1
  Use: Potion            |     1 |     2 |       |    12 ||    15
       Scroll            |       |    12 |     4 |    16 ||    32
  Eat: Fruit             |     1 |     2 |       |    18 ||    21
       Beef jerky        |       |     2 |     2 |     2 ||     6
       Meat ration       |       |     2 |       |       ||     2
       Bread ration      |       |       |     2 |     1 ||     3
       Royal jelly       |       |       |     1 |       ||     1
       Pizza             |       |       |     1 |       ||     1
       Chunk             |       |       |       |     3 ||     3
